 Dungeon Crawl Stone Soup version 0.32-a0-870-g877066f4b4 (webtiles) character file.

Game seed: 16422132881519082574

551 hattey the Trooper (level 7, -6/60 HPs)
             Began as a Human Wanderer on Mar 29, 2024.
             Mangled by an ogre
             ... wielding a +0 giant spiked club
              (15 damage)
             ... on level 4 of the Dungeon.
             The game lasted 00:08:14 (4841 turns).

hattey the Trooper (Human Wanderer)                 Turns: 4841, Time: 00:08:14

Health: -6/60      AC:  9    Str: 20    XL:     7   Next: 29%
Magic:  17/17      EV:  6    Int: 10    God:
Gold:   159        SH:  4    Dex: 18    Spells: 6/6 levels left

rFire   . . .        a - +2 hand axe
rCold   . . .        c - +0 buckler
rNeg    . . .        o - +0 chain mail
rPois   .            (no helmet)
rElec   .            (no cloak)
rCorr   .            (no gloves)
SInv    +            D - +0 pair of boots
Will    .....        g - amulet of the acrobat Stlth
                     s - ring of magical power
HPRegen 0.30/turn    y - ring of Incredulity {Str+3 Dex+6 SInv}
MPRegen 0.15/turn

%: acrobat
@: no status effects
A: explore regen
a: no special abilities


You were on level 4 of the Dungeon.
You visited 1 branch of the dungeon, and saw 4 of its levels.
You also visited: Sewer.

You collected 159 gold pieces.

Inventory:

Hand Weapons
 a - a +2 hand axe (weapon)
 b - a +0 quarterstaff
 m - a +0 spear
Armour
 c - a +0 buckler (worn)
 e - a +0 leather armour
 o - a +0 chain mail (worn)
 D - a +0 pair of boots (worn)
Magical Staves
 v - a staff of alchemy
Jewellery
 g - an amulet of the acrobat (around neck)
 s - a ring of magical power (left hand)
 y - the ring of Incredulity (right hand) {Str+3 Dex+6 SInv}
   (You found it on level 3 of the Dungeon)

   [ring of dexterity]

   Str+3:     It affects your strength (+3).
   Dex+6:     It affects your dexterity (+6).
   SInv:      It lets you see invisible.
Scrolls
 i - a scroll of fear {unknown}
 j - 3 scrolls of identify {unknown}
 n - a scroll of brand weapon {unknown}
 q - a scroll of vulnerability {unknown}
 r - a scroll of blinking {unknown}
 t - a scroll of poison {unknown}
 u - a scroll of fog {unknown}
 w - 2 scrolls of teleportation {unknown}
 x - 2 scrolls of enchant armour {unknown}
 A - a scroll of torment {unknown}
 B - a scroll of revelation {unknown}
Potions
 d - 4 potions of curing
 f - 4 potions of enlightenment {unknown}
 h - 2 potions of mutation {unknown}
 k - a potion of invisibility {unknown}
 l - a potion of might {unknown}
 p - a potion of haste {unknown}
 z - 3 potions of heal wounds {unknown}
 C - a potion of cancellation {unknown}
 E - 2 potions of degeneration {unknown}


   Skills:
 + Level 7.4 Fighting
 - Level 4.0 Axes
 - Level 2.0 Staves
 - Level 1.0 Throwing
 - Level 1.0 Shields
 - Level 2.0 Invocations


You had 6 spell levels left.
You didn't know any spells.
Your spell library contained the following spells:

 Spells                   Type           Power      Damage    Failure   Level
 Cigotuvi's Dreadful Rot  Necr/Alch/Air  0%         N/A       100%        2
 Irradiate                Conj/Alch      0%         3d11      100%        5
 Silence                  Hex/Air        0%         N/A       100%        5


Dungeon Overview and Level Annotations

Branches:
Dungeon (4/15)              Sewer (visited)
 Temple: D:4-7

Altars:
Fedhas
Ru

Annotations:
D:3 dig loot, Sigmund
D:4 dig loot


Innate Abilities, Weirdness & Mutations

You regain HP and MP as you explore.


Message History

No target in view!
No target in view!
No target in view!
Found a spear.
An ogre is nearby!
The ogre shouts!
No target in view!
Found an escape hatch in the ceiling.
You hit the ogre.
The ogre is moderately wounded.
The ogre hits you with a +0 giant spiked club!!
Ouch! That really hurt!
You hear an angry hiss.
You are too injured to fight recklessly!
You are too injured to fight recklessly!
You are too injured to fight recklessly!
You are too injured to fight recklessly!
You are too injured to fight recklessly!
You are too injured to fight recklessly!
You are too injured to fight recklessly!
You are too injured to fight recklessly!
You are too injured to fight recklessly!
You are too injured to fight recklessly!
You are too injured to fight recklessly!
You slash the ogre!
The ogre is heavily wounded.
You hit the ogre.
The ogre is severely wounded.
The ogre hits you with a +0 giant spiked club!!
* * * LOW HITPOINT WARNING * * *
An adder comes into view.
The adder hisses angrily.
You barely miss the ogre.
The ogre is severely wounded.
The ogre hits you with a +0 giant spiked club.
* * * LOW HITPOINT WARNING * * *
You hit the ogre.
The ogre is severely wounded.
The ogre hits you with a +0 giant spiked club!
You die...

.......#.###.............##
.......#.##......†........#
..)....#.##...............#
.........##...............#
.......####...............#
.........^................#
....#######...............#
.##... ###.............##
..###..#)......?@.#.....##
.... ....##.#.###O#####)..
.... .....>. .... ... ....
.....####..##.. +##
#........ .. ..< #........
.# #. #........ .#
##........ .# ###.........


You could see an ogre.

Vanquished Creatures
  An ogre (D:4)
  A phantom (D:4)
  2 bullfrogs (Sewer)
  An orc wizard (D:3)
  3 adders
  4 gnolls
  2 river rats (D:3)
  4 ribbon worms (D:2)
  6 dart slugs
  6 orcs
  11 endoplasms
  12 giant cockroaches
  9 goblins
  10 hobgoblins
  3 quokkas
  20 ball pythons
  6 bats
  16 frilled lizards
  10 kobolds
  6 rats
133 creatures vanquished.

Notes
Turn   | Place    | Note
-------+----------+-------------------------------------------
     0 | D:1      | hattey the Human Wanderer began the quest for the Orb.
     0 | D:1      | hattey set off with the following items: a +2 hand axe, a
                  | +0 quarterstaff, a +0 buckler, a potion of curing, a +0
                  | leather armour.
     0 | D:1      | Reached XP level 1. HP: 13/13 MP: 2/2
    23 | D:1      | Reached skill level 1 in Fighting
   151 | D:1      | Reached XP level 2. HP: 17/21 MP: 3/3
   239 | D:1      | Reached skill level 2 in Fighting
   467 | D:1      | Reached XP level 3. HP: 28/28 MP: 4/4
   527 | D:1      | Found a faded altar of an unknown god.
   861 | D:2      | Reached skill level 3 in Fighting
   973 | D:2      | Reached XP level 4. HP: 21/35 MP: 5/5
  1297 | D:2      | Reached skill level 4 in Fighting
  2201 | D:3      | Reached XP level 5. HP: 35/43 MP: 6/6
  2262 | D:3      | Found a glowing drain.
  2266 | Sewer    | Entered a sewer
  2401 | Sewer    | Reached skill level 5 in Fighting
  2678 | Sewer    | Reached XP level 6. HP: 41/52 MP: 7/7
  2749 | Sewer    | Reached skill level 6 in Fighting
  3191 | D:3      | Got Sif Muna's Excursus on the Differential Birds
  3363 | D:3      | Identified the ring of Incredulity {Str+3 Dex+6 SInv}
  3429 | D:3      | Noticed Sigmund
  3743 | D:3      | Found a blossoming altar of Fedhas.
  4051 | D:4      | Reached skill level 7 in Fighting
  4051 | D:4      | Reached XP level 7. HP: 60/60 MP: 8/8
  4726 | D:4      | Found a sacrificial altar of Ru.
  4841 | D:4      | Mangled by an ogre

Illustrated notes

Levels and vault maps discovered:
D:1:      mainiacjoe_arrival_oval_in_oval, layout_basic,
          ebering_ecumenical_altar_hall, wander_ebering_terrifying_dragon_lair
D:2:      minmay_alternating_diamond, layout_loops_corners
D:3:      layout_basic, lemuel_doored_altar, gup_sewer_entry_spiral,
          kennysheep_cluttered_room, dreamdust_mushroom_princess,
          minmay_statues_item, uniq_sigmund
D:4:      cheibrodos_quashed, layout_rooms, kennysheep_little_box,
          mainiacjoe_overflow_concentric_impassable

Skill      XL: |  1  2  3  4  5  6 |
---------------+-------------------+-----
Fighting       | 1 2 3 4 5 7 |  7.4
Axes           | |  4.0
Staves         | |  2.0
Throwing       | |  1.0
Shields        | |  1.0
Invocations    | |  2.0

Action                     |  1- 3 |  4- 6 |  7- 9 || total
---------------------------+-------+-------+-------++-------
  Melee: Hand axe          |    76 |   293 |    28 ||   397
   Stab: Sleeping          |     1 |       |       ||     1
 Armour: Leather armour    |    30 |    21 |       ||    51
         Chain mail        |       |   198 |    17 ||   215
  Dodge: Dodged            |    51 |   137 |     6 ||   194
  Block: Buckler           |    10 |    63 |     6 ||    79

Table legend: (Time is in decaauts)
 A = Elapsed time spent in this place.
 B = Non-inter-level travel time spent in this place.
 C = Inter-level travel time spent in this place.
 D = Time resting spent in this place.
 E = Time spent auto-exploring this place.
 F = Levels seen in this place.
 G = Mean time per level.
                   A        B        C        D        E       F      G
               +--------+--------+--------+--------+--------+-----+--------+
         Total |   5094 |   4518 |    576 |    506 |   2550 |   5 | 1018.8 |
       Dungeon |   4097 |   3521 |    576 |    226 |   2379 |   4 | 1024.2 |
         Sewer |    996 |    996 |      0 |    280 |    170 |   1 |  996.0 |
               +--------+--------+--------+--------+--------+-----+--------+

Top non-repeatable levels by time:
     D:2: 1510 daAuts
     D:3: 1300 daAuts
   Sewer: 996 daAuts
     D:1: 848 daAuts
     D:4: 438 daAuts
